 Dungeon Crawl Stone Soup version 0.26-a0-651-gb41185065b (webtiles) character file.

Game seed: 9136126524388857156

2 Irenicus the Digger (level 1, 15/15 HPs)
             Began as a Deep Dwarf Earth Elementalist on Oct 28, 2020.
             Quit the game on level 1 of the Dungeon.
             The game lasted 00:00:41 (75 turns).

Irenicus the Digger (Deep Dwarf Earth Elementalist)   Turns: 75, Time: 00:00:41

Health: 15/15      AC:  2    Str: 11    XL:     1   Next: 25%
Magic:  0/2        EV: 12    Int: 15    God:
Gold:   0          SH:  0    Dex: 13    Spells: 2/3 levels left

rFire    . . .     SeeInvis .   e - +0 dagger
rCold    . . .     Faith    .   (no shield)
rNeg     . . .     Spirit   .   c - +0 robe
rPois    .         Reflect  .   (no helmet)
rElec    .         Harm     .   (no cloak)
rCorr    .         Rampage  .   (no gloves)
MR       .....                  (no boots)
Stlth    ++........             (no amulet)
HPRegen  0.00/turn              (no ring)
MPRegen  0.08/turn              (no ring)

@: non-regenerating
A: damage resistance, heal wounds, sense surroundings 1, no regeneration
a: Heal Wounds


You were on level 1 of the Dungeon.
You visited 1 branch of the dungeon, and saw 1 of its levels.

Inventory:

Hand Weapons
 e - a +0 dagger (weapon)
   (You took it off a goblin on level 1 of the Dungeon)
Missiles
 a - 8 javelins
 b - 23 stones (quivered)
Armour
 c - a +0 robe (worn)
Potions
 d - a potion of curing {unknown}


   Skills:
 - Level 2.1 Dodging
 - Level 2.4 Stealth
 - Level 1.7 Spellcasting
   Level 0.8 Transmutations
 + Level 4.2 Earth Magic


You had 2 spell levels left.
You knew the following spells:

 Your Spells              Type           Power        Failure   Level
a - Sandblast             Erth           ##....       4%          1

Your spell library contained the following spells:

 Spells                   Type           Power        Failure   Level
 Passwall                 Tmut/Erth      #.......     12%         2
 Stone Arrow              Conj/Erth      #.....       28%         3
 Petrify                  Tmut/Erth      #.......     63%         4
 Lee's Rapid Deconstruct  Erth           ##........   75%         5


Dungeon Overview and Level Annotations

Branches:
Dungeon (1/15)

Altars:


Innate Abilities, Weirdness & Mutations

You are resistant to damage.
You can heal yourself by infusing magical energy.
You passively map a small area around you.
You do not regenerate.


Message History

You hit the hobgoblin but do no damage. The hobgoblin hits you.
You hit the hobgoblin but do no damage. The hobgoblin closely misses you.
Casting: Sandblast (safe; 4% risk of failure)
Confirm with . or Enter, or press ? or * to list all spells.
Aiming: Sandblast (safe; 4% risk of failure)
Press: ? - help, Shift-Dir - straight line, f/p - hobgoblin
Aim: a hobgoblin, wearing a +0 chain mail The blast of sand hits the hobgoblin but does no damage.
b - 26 stones The hobgoblin hits you.
You now have 0/3 mp.
You hit the hobgoblin but do no damage. The hobgoblin barely misses you.
The hobgoblin hits you.
You open the door. The hobgoblin closely misses you.
Found a stone staircase leading down.
There is an open door here.
The hobgoblin hits you but does no damage.
Casting: Sandblast (safe; 4% risk of failure)
Confirm with . or Enter, or press ? or * to list all spells.
Aiming: Sandblast (safe; 4% risk of failure)
Press: ? - help, Shift-Dir - straight line, f/p - hobgoblin
Aim: a hobgoblin, wearing a +0 chain mail The blast of sand hits the hobgoblin but does no damage.
b - 25 stones The hobgoblin hits you.
You take 3 damage, and have 12/15 hp.
You now have 0/3 mp.
A giant cockroach comes into view.
You hit the hobgoblin but do no damage. The hobgoblin barely misses you.
You hit the hobgoblin but do no damage. The hobgoblin misses you.
You hit the hobgoblin but do no damage.
The giant cockroach bites you but does no damage.
The hobgoblin closely misses you.
You hit the hobgoblin but do no damage. The giant cockroach closely misses you.
The hobgoblin closely misses you.
You hit the hobgoblin but do no damage. The giant cockroach closely misses you.
The hobgoblin hits you.
You barely miss the hobgoblin. The giant cockroach barely misses you.
The hobgoblin hits you. The giant cockroach bites you.
You take 1 damage, and have 11/15 hp.
You hit the hobgoblin but do no damage. The hobgoblin hits you.
The giant cockroach completely misses you.
You take 3 damage, and have 8/15 hp.
You hit the hobgoblin but do no damage. The giant cockroach closely misses you.
The hobgoblin barely misses you.
Casting: Sandblast (safe; 4% risk of failure)
Confirm with . or Enter, or press ? or * to list all spells.
Aiming: Sandblast (safe; 4% risk of failure)
Press: ? - help, Shift-Dir - straight line, f/p - hobgoblin
Aim: a hobgoblin, wearing a +0 chain mail The blast of sand hits the hobgoblin but does no damage.
b - 24 stones The giant cockroach bites you but does no damage.
The hobgoblin barely misses you.
You now have 0/3 mp.
You barely miss the hobgoblin. The giant cockroach closely misses you.
The hobgoblin barely misses you.
You hit the hobgoblin but do no damage. The giant cockroach bites you.
The hobgoblin barely misses you.
The giant cockroach bites you but does no damage.
You barely miss the hobgoblin. The hobgoblin hits you.
The giant cockroach bites you but does no damage.
You take 1 damage, and have 7/15 hp.
You hit the hobgoblin but do no damage. The giant cockroach closely misses you.
The hobgoblin barely misses you.
You closely miss the hobgoblin. The giant cockroach misses you.
The hobgoblin closely misses you.
You hit the hobgoblin but do no damage.
The giant cockroach bites you but does no damage.
The hobgoblin hits you.
You hit the hobgoblin but do no damage. The giant cockroach barely misses you.
The hobgoblin hits you.
* * * LOW HITPOINT WARNING * * *
The giant cockroach bites you.
You take 4 damage, and have 3/15 hp.
MASSIVE DAMAGE!!
You hit the hobgoblin.
The hobgoblin is heavily wounded.
The hobgoblin hits you.
* * * LOW HITPOINT WARNING * * *
The giant cockroach bites you.
You take 2 damage, and have 1/15 hp.
You hit the hobgoblin.
The hobgoblin is almost dead.
The giant cockroach misses you. The hobgoblin barely misses you.
The hobgoblin closely misses you.
Casting: Sandblast (safe; 4% risk of failure)
Confirm with . or Enter, or press ? or * to list all spells.
Aiming: Sandblast (safe; 4% risk of failure)
Press: ? - help, Shift-Dir - straight line, f/p - hobgoblin
Aim: a hobgoblin, wearing a +0 chain mail (almost dead)
The blast of sand hits the hobgoblin but does no damage.
The hobgoblin is almost dead.
b - 23 stones The giant cockroach misses you.
The hobgoblin closely misses you.
You now have 0/3 mp.
Your magical essence is drained by the effort!
You feel much better. The giant cockroach bites you.
The hobgoblin barely misses you.
The giant cockroach completely misses you.
Health restored: 15 Are you sure you want to abandon this character and quit the game? (Confirm with "yes".)

. +..)+ ,..+# ####..+
, ..#...##......
#.....# **
..#...##....## #.....#
..#...##...... #.....#
......###..#####.....#
......#..............#
......'..............#
#....##........gs#####
#....##.........@#
#....##...>......#
#....##..........#
.....#############
###### # # # #


You could see a giant cockroach and a hobgoblin.

Vanquished Creatures
  A goblin (D:1)
  A kobold (D:1)
2 creatures vanquished.

Notes
Turn   | Place    | Note
-------+----------+-------------------------------------------
     0 | D:1      | Irenicus the Deep Dwarf Earth Elementalist began the quest
                  | for the Orb.
     0 | D:1      | Reached XP level 1. HP: 15/15 MP: 3/3
    68 | D:1      | HP: 3/15 [hobgoblin (4)]
    69 | D:1      | HP: 1/15 [hobgoblin (2)]
    75 | D:1      | Quit the game

Illustrated notes

Levels and vault maps discovered:
D:1:      minmay_arrival_hallway, layout_basic, serial_bayou_pond_a,
          chequers_serial_rivers_room_a, minivault_24

Action                   || total
-------------------------++-------
Melee: Dagger            ||    20
 Cast: Sandblast         ||     7
 Abil: Heal Wounds       ||     1
Armor: Robe              ||     6
Dodge: Dodged            ||    29

Table legend: (Time is in decaauts)
 A = Elapsed time spent in this place.
 B = Non-inter-level travel time spent in this place.
 C = Inter-level travel time spent in this place.
 D = Time resting spent in this place.
 E = Time spent auto-exploring this place.
 F = Levels seen in this place.
 G = Mean time per level.
                   A        B        C        D        E       F      G
               +--------+--------+--------+--------+--------+-----+--------+
         Total |     74 |     74 |      0 |      0 |      0 |   1 |   74.0 |
       Dungeon |     74 |     74 |      0 |      0 |      0 |   1 |   74.0 |
               +--------+--------+--------+--------+--------+-----+--------+

Top non-repeatable levels by time:
     D:1: 74 daAuts

Table legend:
 A = Kills in this place as a percentage of kills in entire the game.
 B = Kills by you in this place as a percentage of kills by you in the entire game.
 C = Kills by friends in this place as a percentage of kills by friends in the entire game.
 D = Other kills in this place as a percentage of other kills in the entire game.
 E = Experience gained in this place as a percentage of experience gained in the entire game.
 F = Experience gained in this place divided by the number of levels of this place that you have seen.
                   A       B       C       D       E      F
               +-------+-------+-------+-------+-------+----------------------
         Total | 100.0 | 100.0 |   N/A |   N/A | 100.0 |   3.0
       Dungeon | 100.0 | 100.0 |   N/A |   N/A | 100.0 |   3.0
               +-------+-------+-------+-------+-------+----------------------
